Map: Jagannatha LE

Players

phi - Winner!

  • Race: Terran Terran
  • League: Bronze

iMpAcT

  • Race: Zerg Zerg
  • League: Bronze

VOD

Have the link to the VOD?

Description

Time

  • Played on: Sept. 29, 2021, 12:10 p.m.
  • Length: 12:26
Show
View Real Time Build Order
Export as new Build Order

phi Terran - Winner!

Build Orders:  

Get SALT Encoding   

  12  0:00  SCV  
  13  0:12  SCV  
  14  0:17  Supply Depot  
  14  0:25  SCV  
  15  0:39  Barracks  
  15  0:41  Refinery  
  15  0:44  SCV  
  16  0:56  SCV  
  17  1:09  SCV  
  18  1:25  Orbital Command  
  18  1:33  Barracks Reactor  
  18  1:43  Command Center  
  18  1:52  SCV  
  19  2:01  Supply Depot  
  19  2:04  SCV  
  20  2:09  Marine x2  
  22  2:19  SCV  
  22  2:21  Bunker  
  22  2:35  Marine x2  
  23  2:43  SCV  
  22  2:53  Marine x2  
  22  2:55  SCV  
  22  2:57  Orbital Command  
  25  3:10  SCV  
  25  3:11  Refinery  
  26  3:22  SCV  
  26  3:25  Factory  
  27  3:28  SCV  
  28  3:39  Marine x2  
  27  4:09  Factory Tech Lab  
  25  4:10  Marine x2  
  25  4:13  SCV x2  
  29  4:23  Bunker  
  29  4:26  Barracks  
  29  4:33  Siege Tank, Barracks  
  29  4:34  SCV x2  
  29  4:37  Marine  
  29  4:38  Marine  
  36  4:48  SCV  
  36  4:49  SCV  
  38  4:56  Supply Depot  
  38  5:00  SCV, Marine x2  
  41  5:10  SCV, Siege Tank  
  41  5:13  SCV  
  46  5:14  Barracks Tech Lab  
  46  5:18  Marine x2, Supply Depot  
  48  5:21  Starport  
  48  5:24  SCV  
  49  5:32  Barracks Reactor  
  49  5:34  Mag-Field Accelerator  
  49  5:36  Marine  
  49  5:37  SCV x2  
  49  5:38  Marine x2  
  49  5:41  Supply Depot  
  45  5:53  SCV x2  
  45  5:54  Marine  
  45  5:56  Marine x2  
  50  6:04  Starport Reactor  
  50  6:05  SCV, Supply Depot  
  50  6:07  Siege Tank  
  54  6:11  Marine x2  
  54  6:12  Marine  
  54  6:13  SCV  
  54  6:14  Marine x2  
  60  6:24  SCV  
  61  6:28  Supply Depot  
  61  6:29  Marine x2  
  61  6:30  SCV, Engineering Bay  
  61  6:32  Engineering Bay  
  64  6:33  Marine x3, Refinery  
  64  6:35  Refinery  
  64  6:36  SCV  
  68  6:46  SCV  
  69  6:47  Marine  
  69  6:49  Siege Tank  
  69  6:50  Supply Depot  
  73  6:56  SCV  
  73  6:58  Marine x2  
  73  6:59  Medivac  
  73  7:01  Terran Infantry Armor Level 1  
  78  7:04  Terran Infantry Weapons Level 1  
  78  7:12  Medivac, SCV x2, Marauder, Marine x2  
  78  7:13  Supply Depot  
  86  7:17  Combat Shield  
  86  7:35  SCV x2  
  86  7:37  Marine x5  
  88  7:41  Command Center  
  93  7:47  Supply Depot  
  93  7:48  Supply Depot  
  93  7:49  Supply Depot  
  93  7:54  Marine  
  93  8:06  SCV  
  93  8:09  SCV, Marine x2  
  93  8:11  Marine  
  93  8:12  Marine x2, Siege Tank  
  102  8:13  Medivac x2  
  102  8:19  SCV  
  108  8:30  Marine x3  
  108  8:31  Marauder, Marine  
  114  8:37  Barracks  
  114  8:41  Stimpack  
  114  8:42  SCV  
  114  8:44  SCV, Barracks  
  114  8:48  Marine x2  
  116  8:52  Supply Depot  
  116  8:54  Supply Depot  
  118  8:56  Supply Depot  
  118  9:13  SCV x2, Marine, Siege Tank  
  118  9:14  Marauder  
  118  9:16  Armory  
  116  9:21  Marine x3  
  105  9:31  Marine  
  105  9:35  Marauder  
  105  9:38  Factory, Marine, Starport, Barracks Reactor x2  
  108  9:39  Marine x2  
  111  9:45  Barracks  
  111  9:47  Barracks  
  111  9:49  Marine, Planetary Fortress  
  111  9:51  SCV x2  
  114  9:56  Marine  
  115  10:02  Marine x3  
  115  10:03  SCV  
  115  10:04  Siege Tank  
  115  10:07  Marine  
  123  10:14  SCV  
  123  10:15  SCV  
  124  10:35  Marine x2  
  124  10:36  Marine x4, Siege Tank  
  133  10:43  Marine  
  133  10:44  Marine x2  
  133  10:45  Medivac x2  
  140  10:53  SCV x2, Marine x2  
  140  10:54  SCV, Marine  
  146  10:58  Marine x2  
  148  11:05  SCV x2  
  148  11:08  Siege Tank, Command Center  
  153  11:15  Medivac, Marine x4  
  153  11:16  Marauder  
  153  11:17  Marine x2  
  153  11:18  Marine x2  
  149  11:33  Marine x4  
  152  11:45  Marine  
  152  11:46  Marine x3  
  156  11:53  Marine  
  157  12:01  Marine x2  
  157  12:02  Marine  
  157  12:06  Marine  
  157  12:07  Marine x2  
Show
View Real Time Build Order
Export as new Build Order

iMpAcT Zerg 

Build Orders: Pool First, Muta Ling Bane 

Get SALT Encoding   

  12  0:00  Drone  
  13  0:08  Drone  
  14  0:19  Overlord  
  14  0:37  Drone  
  14  0:38  Drone  
  16  0:46  Spawning Pool  
  16  0:47  Drone  
  16  0:50  Drone  
  17  1:13  Hatchery  
  16  1:33  Queen  
  16  1:35  Zergling x4  
  16  1:36  Zergling x2  
  21  1:49  Overlord  
  21  2:01  Drone  
  22  2:08  Queen  
  22  2:13  Drone  
  25  2:17  Extractor  
  25  2:19  Drone  
  24  2:47  Zergling x6  
  24  2:48  Zergling x10  
  31  3:10  Drone  
  31  3:11  Drone x3  
  31  3:12  Queen  
  36  3:23  Hatchery, Drone  
  36  3:24  Overlord  
  33  4:02  Drone x4  
  34  4:03  Drone x6  
  40  4:19  Drone x3, Extractor  
  40  4:23  Metabolic Boost  
  42  4:34  Baneling Nest  
  41  4:40  Zergling x6  
  41  4:41  Zergling x4  
  46  4:54  Zergling x6, Overlord  
  46  4:58  Lair  
  49  5:02  Zergling x2  
  49  5:04  Overlord x2  
  50  5:12  Overlord  
  50  5:15  Drone  
  50  5:16  Drone  
  50  5:18  Drone x4  
  56  5:23  Baneling x6  
  56  5:26  Baneling  
  56  5:27  Drone x6  
  62  5:39  Hatchery  
  50  5:51  Drone x3  
  53  5:57  Extractor x2  
  53  5:58  Spore Crawler  
  53  6:00  Overlord  
  53  6:03  Evolution Chamber  
  49  6:09  Spire  
  49  6:10  Zergling x10  
  49  6:11  Zergling x6  
  56  6:23  Zergling x4  
  56  6:24  Zergling x10  
  63  6:37  Zerg Melee Weapons Level 1  
  63  6:41  Centrifical Hooks  
  63  6:43  Zergling x4  
  63  6:46  Drone x3  
  63  6:47  Drone x5  
  70  6:54  Queen  
  73  6:57  Drone x2  
  73  6:58  Drone  
  78  7:08  Drone x4  
  80  7:09  Overlord  
  82  7:27  Mutalisk x3  
  82  7:28  Mutalisk  
  90  7:37  Hatchery  
  89  7:47  Drone x3  
  89  7:51  Extractor  
  91  7:53  Spore Crawler, Spine Crawler  
  91  7:58  Mutalisk x4  
  96  8:06  Infestation Pit  
  96  8:10  Zergling x10  
  96  8:11  Zergling x6  
  103  8:15  Evolution Chamber  
  103  8:16  Evolution Chamber  
  101  8:26  Mutalisk  
  104  8:27  Zergling x2  
  104  8:28  Overlord x2  
  104  8:29  Overlord x2  
  104  8:32  Baneling x5  
  104  8:33  Baneling x4  
  104  8:38  Overlord x3  
  104  8:47  Hive  
  104  8:49  Zergling x4  
  104  8:50  Drone x4  
  104  8:51  Drone x3  
  104  8:52  Drone x2  
  104  8:55  Drone  
  116  9:10  Drone x2, Spine Crawler  
  116  9:11  Drone x3, Spine Crawler  
  76  9:36  Baneling x2  
  76  9:37  Baneling x2  
  76  10:00  Extractor  
  76  10:01  Mutalisk, Zergling x2, Extractor  
  76  10:02  Mutalisk x5, Zergling x6  
  76  10:03  Zergling x10, Mutalisk  
  97  10:24  Zerg Ground Armor Level 1  
  97  10:25  Ultralisk Cavern  
  94  10:34  Baneling x2  
  91  10:39  Spine Crawler  
  91  10:42  Spine Crawler  
  89  10:50  Mutalisk x3, Zergling x2  
  89  10:51  Zergling x14  
  89  10:53  Baneling x3  
  89  10:54  Baneling  
  103  10:57  Spine Crawler  
  103  11:03  Spine Crawler  
  101  11:04  Spine Crawler  
  75  11:20  Mutalisk x3  
  75  11:21  Mutalisk, Zergling x12  
  75  11:22  Zergling x14  
  75  11:23  Zergling x4  
  87  11:29  Spine Crawler  
  87  11:30  Drone  
  87  11:32  Queen, Spine Crawler  
  88  11:37  Spine Crawler  
  88  11:38  Spine Crawler  
  86  11:42  Baneling x2  
  86  11:43  Baneling x6  
  86  11:44  Baneling x2  
  86  11:45  Baneling x3  
  86  11:46  Zergling x4  
  86  11:47  Zergling x14  
  90  11:48  Zergling x2  
Tags
 
Add a new tag
Caveats
  • Supply blocks, unpowered buildings, or Contaminate may cause inaccurate times.
  • Supply counts are checked every 10 seconds.